 Dungeon Crawl Stone Soup version 0.29.1-1-gd02db6906a (webtiles) character file.

Game seed: 16103754062026277503

322 Iusername the Covered (level 6, -1/53 HPs)
             Began as a Minotaur Fighter on Sept 27, 2022.
             Was a Believer of Trog.
             Succumbed to a scorpion's poison
             ... on level 5 of the Dungeon.
             The game lasted 00:04:15 (4281 turns).

Iusername the Covered (Minotaur Fighter)            Turns: 4281, Time: 00:04:16

Health: -1/53      AC:  7    Str: 22    XL:     6   Next: 22%
Magic:  5/5        EV:  9    Int:  5    God:    Trog [**....]
Gold:   163        SH:  4    Dex: 10    Spells: 5/5 levels left

rFire   . . .      SeeInvis .   a - +0 trident
rCold   . . .      Faith    .   c - +0 buckler
rNeg    . . .      Spirit   .   b - +0 scale mail
rPois   .          Reflect  .   (helmet restricted)
rElec   .          Harm     .   (no cloak)
rCorr   .          Rampage  .   (no gloves)
Will    .....                   (no boots)
Stlth   ..........              (no amulet)
HPRegen 0.17/turn               (no ring)
MPRegen 0.09/turn               (no ring)

@: lethally poisoned (-1 -> -19)
A: horns 2, retaliatory headbutt
a: Renounce Religion, Berserk, Trog's Hand


You were on level 5 of the Dungeon.
You worshipped Trog.
Trog was pleased with you.
You visited 1 branch of the dungeon, and saw 5 of its levels.

You collected 163 gold pieces.

Inventory:

Hand Weapons
 a - a +0 trident (weapon)
Missiles
 x - 2 javelins (quivered)
Armour
 b - a +0 scale mail (worn)
 c - a +0 buckler (worn)
Jewellery
 p - an amulet of reflection
Wands
 s - a wand of iceblast (11)
 y - a wand of paralysis (4)
Scrolls
 e - 9 scrolls of identify {unknown}
 f - 2 scrolls of noise {unknown}
 i - 4 scrolls of teleportation {unknown}
 j - a scroll of silence {unknown}
 m - 2 scrolls of blinking {unknown}
 r - a scroll of enchant armour {unknown}
 t - 2 scrolls of poison {unknown}
 v - a scroll of vulnerability {unknown}
 w - 2 scrolls of fear {unknown}
 z - a scroll of amnesia {unknown}
Potions
 d - 3 potions of might
 g - a potion of curing {unknown}
 h - a potion of haste {unknown}
 k - a potion of flight
 l - a potion of attraction {unknown}
 n - a potion of magic {unknown}
 o - a potion of resistance {unknown}
 q - a potion of cancellation
 u - a potion of heal wounds {unknown}
 A - a potion of lignification {unknown}


   Skills:
 + Level 4.6 Fighting
 + Level 4.6 Polearms
 + Level 5.8 Armour
 + Level 1.0 Dodging
 + Level 0.2 Stealth
 + Level 4.7 Shields
 + Level 0.3 Evocations


You had 5 spell levels left.
You didn't know any spells.
Your spell library was empty.

Dungeon Overview and Level Annotations

Branches:
Dungeon (5/15)
 Temple: D:4-7

Altars:
Okawaru
Trog
Wu Jian

Shops:
D:4 !


Innate Abilities, Weirdness & Mutations

You have a pair of horns on your head.
You reflexively headbutt those who attack you in melee.


Message History

The hound closely misses you. You furiously retaliate!
You headbutt the hound.
You kill the hound!
Trog accepts your kill.
A scorpion comes into view.
You puncture the gnoll! You headbutt the gnoll.
You kill the gnoll!
Trog accepts your kill. You block the orc's attack.
You hit the orc.
The orc is heavily wounded.
You block the orc's attack.
You hit the orc.
You kill the orc!
Trog accepts your kill.
There is an open door, spattered with blood here.
Items here: ))) †††.
The scorpion stings you.
* * * LOW HITPOINT WARNING * * *
You are lethally poisoned!
The scorpion poisons you!
A jelly comes into view.
You puncture the scorpion!
The scorpion is moderately wounded.
* * * LOW HITPOINT WARNING * * *
You feel very sick. The scorpion closely misses you.
It was a potion of flight.
You feel very buoyant.
You fly up into the air.
* * * LOW HITPOINT WARNING * * *
You feel sick.
The scorpion stings you but does no damage.
The scorpion stings you.
* * * LOW HITPOINT WARNING * * *
You are more poisoned.
The scorpion poisons you!
It was a potion of cancellation.
Your magical effects are unravelling.
You feel magically purged.
You float gracefully downwards.
You die...

### .... ... # #..
.. ###..#######..#
#..........(......#
..
+..................
...
#.........s@..$.J.#
#..
#..########)####..#
#..###..########)##
.........#........#
.........#........+
.........'[.......#
.........#.......##
#####.############
#.##'######


You could see a scorpion and a jelly.

Vanquished Creatures
  2 scorpions
  A hound (D:5)
  An orc wizard (D:3)
  4 adders
  3 gnolls (D:5)
  3 worms
  3 dart slugs
  10 orcs
  5 endoplasms
  A giant cockroach (D:1)
  2 hobgoblins
  12 kobolds
  5 quokkas
  3 ball pythons
  2 bats (D:3)
  2 frilled lizards
  3 goblins
  3 rats (D:3)
65 creatures vanquished.

Notes
Turn   | Place    | Note
-------+----------+-------------------------------------------
     0 | D:1      | Iusername the Minotaur Fighter began the quest for the Orb.
     0 | D:1      | Reached XP level 1. HP: 19/19 MP: 0/0
   213 | D:1      | Found a faded altar of an unknown god.
   586 | D:1      | Reached XP level 2. HP: 27/27 MP: 1/1
  1100 | D:1      | Prayed at the altar of an unknown god.
  1100 | D:1      | Became a worshipper of Trog the Wrathful
  1100 | D:1      | Reached * piety under Trog
  1180 | D:2      | Reached skill level 4 in Armour
  1823 | D:2      | Reached XP level 3. HP: 33/33 MP: 2/2
  2929 | D:3      | Reached XP level 4. HP: 37/40 MP: 3/3
  3641 | D:4      | Found Ysaime Xirai's Distillery.
  3720 | D:4      | Reached ** piety under Trog
  3819 | D:4      | Noticed a scorpion
  3825 | D:4      | Killed a scorpion
  3826 | D:4      | Reached skill level 5 in Armour
  3826 | D:4      | Reached XP level 5. HP: 42/46 MP: 4/4
  3911 | D:4      | Found an ornate altar of the Wu Jian Council.
  3912 | D:4      | Found an iron altar of Okawaru.
  4195 | D:5      | Entered Level 5 of the Dungeon
  4250 | D:5      | Reached skill level 1 in Dodging
  4266 | D:5      | Reached XP level 6. HP: 23/53 MP: 5/5
  4281 | D:5      | Succumbed to a scorpion's poison

Illustrated notes

Levels and vault maps discovered:
D:1:      minmay_arrival_checkered_box, layout_basic,
          shapermc_ecumenical_altar_totnotflames, serial_rivers,
          chequers_serial_rivers_micro_e, chequers_serial_rivers_small_a,
          chequers_serial_rivers_micro_c, chequers_serial_rivers_micro_b,
          chequers_serial_rivers_large_a
D:2:      layout_basic, nicolae_elevator_lobby_plus
D:3:      layout_rooms, nrook_mini_backslash, nicolae_figureground_sparkle
D:4:      layout_cave_pools, mainiacjoe_overflow_divided_tiny, serial_shops,
          nicolae_shop_hallway_stairs
D:5:      layout_gridville, nicolae_qazlal_style_of_elements,
          lightli_temple_of_fire, serial_shops, kennysheep_mini_moat,
          uniq_menkaure

Skill      XL: |  1  2  3  4  5 |
---------------+----------------+-----
Armour         | 4 5 |  5.8
Shields        | 4 |  4.7
Fighting       | 4 |  4.6
Polearms       | 3 4 |  4.6
Dodging        | 1 |  1.0
Stealth        | |  0.2
Evocations     | |  0.3

Action                   |  1- 3 |  4- 6 || total
-------------------------+-------+-------++-------
Melee: Trident           |    75 |   115 ||   190
       Headbutt          |     6 |    12 ||    18
Evoke: Wand              |       |     1 ||     1
  Use: Potion            |       |     2 ||     2
Armor: Scale mail        |    23 |    33 ||    56
Dodge: Dodged            |    17 |    48 ||    65
Block: Buckler           |     8 |    24 ||    32
